 Dungeon Crawl Stone Soup version 0.21-a0-2-ge494091 (webtiles) character file.

14326 ChaseSP the Severer (level 11, 0/99 HPs)
             Began as a Deep Dwarf Fighter on May 21, 2017.
             Was an Elder of Makhleb.
             Killed from afar by a rime drake (18 damage)
             ... with a flash freeze
             ... on level 3 of the Lair of Beasts.
             The game lasted 00:24:28 (8948 turns).

ChaseSP the Severer (Deep Dwarf Fighter)            Turns: 8948, Time: 00:24:29

Health: 0/99       AC: 18    Str: 21    XL:     11   Next: 87%
Magic:  14/14      EV:  7    Int: 10    God:    Makhleb [****..]
Gold:   914        SH: 10    Dex: 15    Spells: 10/10 levels left

rFire    . . .     SeeInvis .   C - +0 war axe (freeze)
rCold    . . .     Gourm    .   c - +0 shield
rNeg     . . .     Faith    .   a - +0 plate armour
rPois    +         Spirit   .   I - +1 helmet
rElec    .         Reflect  .   (no cloak)
rCorr    .         Harm     .   p - +2 pair of gloves
MR       +....                  (no boots)
Stlth    ..........             v - amulet of rage
Regen    0.0/turn               o - ring "Tuxa" {rPois Str+2}
MPRegen  0.2/turn               (no ring)

@: non-regenerating
A: damage resistance, heal wounds, sense surroundings 2, no regeneration
a: Heal Wounds, Minor Destruction, Lesser Servant of Makhleb, Major Destruction,
Renounce Religion, Evoke Berserk Rage


You were on level 3 of the Lair of Beasts.
You worshipped Makhleb.
Makhleb was greatly pleased with you.
You were not hungry.

You visited 3 branches of the dungeon, and saw 13 of its levels.
You also visited: Sewer.

You collected 914 gold pieces.

Inventory:

Hand Weapons
 C - a +0 war axe of freezing (weapon)
 E - a +0 flail of pain
Missiles
 h - 84 bolts
Armour
 a - a +0 plate armour (worn)
 c - a +0 shield (worn)
 n - a +0 chain mail
 p - a +2 pair of gloves (worn)
 I - a +1 helmet (worn)
Jewellery
 o - the ring "Tuxa" (left hand) {rPois Str+2}
   (You found it on level 6 of the Dungeon)

   [ring of poison resistance]

   It affects your strength (+2).
   It protects you from poison.
 v - an amulet of rage (around neck)
 G - an uncursed amulet of magic regeneration
 J - a +4 amulet of reflection {unknown}
Wands
 q - a wand of confusion (16/48)
 H - a wand of random effects (23/48)
 L - a wand of flame (15/48)
 N - a wand of digging (12/24)
 P - a wand of iceblast (11/15)
 Q - a wand of disintegration (12/24)
Scrolls
 l - 2 scrolls of recharging
 t - 4 scrolls of remove curse
 w - 10 scrolls of teleportation
 y - 2 scrolls of enchant armour
 D - a scroll of immolation {unknown}
 K - a scroll of blinking {unknown}
 S - a scroll of vulnerability {unknown}
 T - a scroll of enchant weapon {unknown}
Potions
 b - 2 potions of flight
 d - 2 potions of might
 e - a potion of invisibility {unknown}
 g - a potion of heal wounds
 j - a potion of magic {unknown}
 k - a potion of mutation {unknown}
 s - 4 potions of curing {unknown}
 u - 4 potions of cancellation
 A - a potion of berserk rage {unknown}
 B - a potion of agility {unknown}
 F - a potion of resistance
 M - 2 potions of ambrosia
 O - 2 potions of lignification {unknown}
 R - a potion of experience {unknown}
Comestibles
 f - 5 bread rations
 i - 18 royal jellies
 m - 25 fruits
 r - 4 meat rations
 x - 2 chunks of flesh


   Skills:
 + Level 6.7 Fighting
 * Level 15.5 Axes
 - Level 6.9 Armour
 + Level 6.6 Dodging
 - Level 4.1 Shields
 + Level 6.7 Invocations
 - Level 3.0 Evocations


You had 10 spell levels left.
You didn't know any spells.

Dungeon Overview and Level Annotations

Branches:
Dungeon (9/15)             Temple (1/1) D:4            Lair (3/6) D:8
  Swamp (0/4) Lair:2
  Snake: Lair:2-4    Spider: Lair:2-4       Orc: D:9-12

Altars:
Ashenzari
Cheibriados
Dithmenos
Elyvilon
Fedhas
Hepliaklqana
Makhleb
Nemelex Xobeh
Okawaru
Qazlal
Ru
Sif Muna
Vehumet
Wu Jian
Yredelemnul
Jiyva

Shops:
D:8 [   D:9 %

Annotations:
Lair:3 exclusion: player ghost, avis's ghost, journeyman OpIE


Innate Abilities, Weirdness & Mutations

You are resistant to damage.
You can heal yourself by infusing magical energy.
You passively map the area around you.
You do not regenerate.


Message History

The rime drake is moderately wounded.
You hit the blink frog. You freeze the blink frog. You slash the blink frog!
You freeze the blink frog. You barely miss the blink frog.
The blink frog barely misses you.
The blink frog hits you but does no damage.
You block the blink frog's attack. The rime drake bites you.
The crocodile moves out of view.
You closely miss the rime drake.
The rime drake is moderately wounded.
You hit the blink frog. You freeze the blink frog.
Your plate armour prevents you from hitting the blink frog.
You slash the blink frog! You freeze the blink frog.
The ice encasing you melts away.
The blink frog hits you but does no damage.
The blink frog hits you!
* * * LOW HITPOINT WARNING * * *
The blink frog blinks!
You block the blink frog's attack. The rime drake breathes ice at you.
The flash freeze hits you!
You die...

, ,,, .... , ...., , , ..
*##...P. ...... ,, ,
#..###*...... .....≈≈ ≈≈,,
.......##...#.,..F..≈#
............#. ...#.≈# **
..............#.#.....≈# ≈
#.............##..§...≈≈*
...............§.F....≈≈≈≈
≈ ,
#...............@FF.F.≈≈≈
##.............##k..#...
.......##......#*....# , ,
* *
.P.............#,.......
...............#*....... ,
.......##......# .....$.,
,
......###...............,
,
..#..P###......##.......*
..........P...#.. , * , *
*


You could see 5 blink frogs and a rime drake.

Vanquished Creatures
  The ghost of howech the Cleaver, a journeyman MiMo of Cheibriados (Lair:2)
  4 two-headed ogres (D:9)
  A cyclops (D:9)
  Joseph (D:8)
  6 spiny frogs
  3 komodo dragons
  10 blink frogs
  3 hippogriffs
  Sigmund (D:2)
  A vampire (D:9)
  4 yaks (Lair:2)
  2 wyverns
  A steam dragon (D:8)
  2 hell hounds (D:8)
  2 porcupines (Lair:1)
  2 orc warriors
  A water moccasin (Lair:1)
  2 black bears
  3 phantoms
  An ice beast (D:8)
  2 ogres
  4 centaurs
  3 wolves (Lair:1)
  3 crocodiles
  11 bullfrogs
  3 scorpions
  3 howler monkeys
  An electric eel (D:8)
  A crimson imp (D:5)
  A bullfrog zombie (D:5)
  A centaur zombie (D:6)
  3 hounds
  4 jellies
  4 orc priests
  A gnoll shaman (D:4)
  2 orc wizards
  7 worker ants
  13 adders
  6 gnolls
  2 shadow imps
  8 oozes
  2 adder skeletons
  A worm (D:2)
  2 dart slugs
  9 leopard geckos
  24 orcs
  5 giant cockroaches
  7 hobgoblins
  8 jackals
  3 quokkas
  2 ball pythons
  8 bats
  A frilled lizard (D:4)
  8 goblins
  A jackal zombie (D:6)
  8 kobolds
  A leopard gecko skeleton (D:6)
  3 rats
  A fungus (Lair:1)
  A plant (Lair:1)
229 creatures vanquished.

Vanquished Creatures (collateral kills)
  A porcupine (Lair:2)
  A crocodile (Lair:2)
2 creatures vanquished.

Grand Total: 231 creatures vanquished

Notes
Turn   | Place    | Note
-------+----------+-------------------------------------------
     0 | D:1      | ChaseSP the Deep Dwarf Fighter began the quest for the Orb.
     0 | D:1      | Reached XP level 1. HP: 20/20 MP: 1/1
    17 | D:1      | Reached skill level 3 in Axes
    21 | D:1      | Reached XP level 2. HP: 22/27 MP: 2/2
   238 | D:1      | Reached XP level 3. HP: 23/33 MP: 3/3
   286 | D:1      | Reached skill level 4 in Axes
   727 | D:2      | Reached XP level 4. HP: 19/40 MP: 4/4
   768 | D:2      | Reached skill level 5 in Axes
   904 | D:2      | Noticed Sigmund
   919 | D:2      | Killed Sigmund
   919 | D:2      | Reached skill level 6 in Axes
   919 | D:2      | Reached XP level 5. HP: 29/46 MP: 5/5
  1124 | D:2      | Found a sacrificial altar of Ru.
  1474 | D:3      | Found an iron altar of Okawaru.
  1933 | D:4      | Reached skill level 7 in Axes
  1933 | D:4      | Reached XP level 6. HP: 41/55 MP: 6/6
  2391 | D:4      | Found a staircase to the Ecumenical Temple.
  2534 | D:5      | Entered Level 5 of the Dungeon
  2570 | Temple   | Entered the Ecumenical Temple
  2621 | Temple   | Became a worshipper of Makhleb the Destroyer
  2720 | D:4      | Reached skill level 8 in Axes
  2785 | D:4      | Reached skill level 1 in Invocations
  2845 | D:4      | Found a stormy altar of Qazlal.
  3036 | D:5      | Reached XP level 7. HP: 50/61 MP: 7/7
  3106 | D:5      | Reached skill level 9 in Axes
  3497 | D:5      | Reached * piety under Makhleb
  3686 | D:6      | Got an ancient bronze ring
  3687 | D:6      | Identified the ring "Tuxa" {rPois Str+2} (You found it on level 6 of the Dungeon)
  3777 | D:6      | Found a glowing drain.
  3797 | Sewer    | Entered a sewer
  3848 | Sewer    | Reached skill level 10 in Axes
  3935 | D:6      | Reached XP level 8. HP: 50/68 MP: 8/8
  3958 | D:6      | Found a white marble altar of Elyvilon.
  3965 | D:6      | Reached skill level 1 in Dodging
  4280 | D:6      | Found a white marble altar of Elyvilon.
  4413 | D:6      | Reached ** piety under Makhleb
  4418 | D:6      | Reached skill level 11 in Axes
  4899 | D:7      | Gained mutation: You passively map the area around you. [Deep Dwarf growth]
  4899 | D:7      | Reached XP level 9. HP: 79/79 MP: 10/10
  5375 | D:8      | Noticed Joseph
  5385 | D:8      | Killed Joseph
  5385 | D:8      | Reached skill level 5 in Fighting
  5385 | D:8      | Reached skill level 12 in Axes
  5802 | D:8      | Found a staircase to the Lair.
  5833 | D:8      | Found Silimiu's Antique Armour Shop.
  5883 | D:8      | Reached skill level 5 in Invocations
  5896 | D:8      | Found a viscous altar of Jiyva.
  6320 | D:9      | Noticed a two-headed ogre
  6333 | D:9      | Killed a two-headed ogre
  6333 | D:9      | Reached skill level 13 in Axes
  6333 | D:9      | Reached XP level 10. HP: 52/91 MP: 12/14
  6479 | D:9      | Noticed a two-headed ogre
  6498 | D:9      | Killed a two-headed ogre
  6566 | D:9      | Reached *** piety under Makhleb
  6675 | D:9      | Found a shattered altar of Ashenzari.
  6685 | D:9      | Noticed a two-headed ogre
  6693 | D:9      | HP: 4/91 [two-headed ogre/giant spiked club (21)]
  6694 | D:9      | Killed a two-headed ogre
  6725 | D:9      | Found Azeajeh's Food Shoppe.
  6886 | D:9      | Noticed a two-headed ogre
  6897 | D:9      | Killed a two-headed ogre
  6897 | D:9      | Reached skill level 14 in Axes
  6897 | D:9      | Reached skill level 5 in Armour
  6913 | D:9      | Noticed a cyclops
  6940 | D:9      | Killed a cyclops
  6963 | D:9      | Found a hazy altar of Hepliaklqana.
  7133 | Lair:1   | Entered Level 1 of the Lair of Beasts
  7133 | Lair:1   | Noticed a spiny frog
  7150 | Lair:1   | Killed a spiny frog
  7166 | Lair:1   | Noticed a spiny frog
  7173 | Lair:1   | Killed a spiny frog
  7201 | Lair:1   | Reached XP level 11. HP: 76/97 MP: 13/13
  7379 | Lair:1   | Reached skill level 5 in Dodging
  7459 | Lair:1   | Reached skill level 15 in Axes
  8151 | Lair:2   | Reached **** piety under Makhleb
  8231 | Lair:2   | Reached skill level 1 in Evocations
  8237 | Lair:2   | Noticed howech's ghost (journeyman MiMo)
  8258 | Lair:2   | Killed howech's ghost
  8368 | Lair:2   | Found a staircase to the Swamp.
  8893 | Lair:3   | Noticed avis's ghost (journeyman OpIE)
  8948 | Lair:3   | Killed from afar by a rime drake

Vault maps used:
D:1:      onia_arrival_pentagram
D:2:      nicolae_ru_path_of_blood, uniq_sigmund
D:3:      kennysheep_okawaru_gauntlet
D:4:      overflow_temple_1_default, minmay_temple_entry_nine_rooms
D:5:      first_bread
D:6:      basic_altar, gup_sewer_entry_pipe, elyvilon_altar_5
D:7:      corexii_corridor_pit
D:8:      minmay_lair_entry_lava, serial_shops, nicolae_shop_window_shopping,
          hangedman_little_slice_of_home, nicolae_lava_and_water, uniq_joseph
D:9:      lemuel_round_altar, basic_altar, serial_shops, kennysheep_mini_moat
Temple:   regret_index_temple_chain_breaker
Lair:1:   lemuel_fruit_tree
Lair:2:   swamp_mist, minivault_23
Sewer:    sewer_big_baddie

Skill      XL: |  1  2  3  4  5  6  7  8  9 10 11 |
---------------+----------------------------------+-----
Axes           | 3 4 6 7 8 10 11 13 14 15 | 15.5
Invocations    | 1 2 5 6 |  6.7
Shields        | 4 |  4.1
Dodging        | 1 4 6 |  6.6
Fighting       | 4 6 |  6.7
Armour         | 5 6 |  6.9
Evocations     | 3 |  3.0

Action                   |  1- 3 |  4- 6 |  7- 9 | 10-12 || total
-------------------------+-------+-------+-------+-------++-------
Melee: War axe           |   123 |   144 |   370 |   333 ||   970
Invok: Minor Destruction |       |       |    10 |     2 ||    12
       Lesser Servant of |       |       |       |     2 ||     2
 Abil: Heal Wounds       |       |     4 |     2 |     5 ||    11
       Evoke Berserk Rag |       |       |     1 |     1 ||     2
Evoke: Wand              |       |       |       |     6 ||     6
  Use: Scroll            |     1 |     5 |     5 |     3 ||    14
       Potion            |       |     2 |     2 |     3 ||     7
 Stab: Distracted        |       |       |       |     1 ||     1
  Eat: Chunk             |       |     7 |    12 |    10 ||    29
Armor: Scale mail        |    61 |    16 |       |       ||    77
       Chain mail        |       |    76 |    68 |       ||   144
       Plate armour      |       |       |   100 |   134 ||   234
Dodge: Dodged            |    38 |    27 |    51 |    62 ||   178
Block: Shield            |    66 |    65 |   170 |   126 ||   427
